 Dungeon Crawl Stone Soup version 0.29.1-2-gbd0b4ee654 (webtiles) character file.

Game seed: 4988657923043893833

191 GorkyZ the Chopper (level 5, -3/32 HPs)
             Began as a Gargoyle Gladiator on Nov 21, 2022.
             Slain by Grinder (7 damage)
             ... while paralysed by Grinder
             ... on level 3 of the Dungeon.
             The game lasted 00:05:17 (2394 turns).

GorkyZ the Chopper (Gargoyle Gladiator)             Turns: 2394, Time: 00:05:18

Health: -3/32      AC:  7    Str: 20    XL:     5   Next: 70%
Magic:  5/5        EV:  2    Int:  8    God:
Gold:   63         SH:  0    Dex: 11    Spells: 4/4 levels left

rFire   . . .      SeeInvis +   t - +1 hand axe (vamp)
rCold   . . .      Faith    .   (no shield)
rNeg    + . .      Spirit   .   b - +0 leather armour
rPois   ∞          Reflect  .   n - +0 hat
rElec   +          Harm     .   (no cloak)
rCorr   .          Rampage  .   (no gloves)
Will    .....                   (no boots)
Stlth   +.........              (no amulet)
HPRegen 0.10/turn               g - ring of see invisible
MPRegen 0.09/turn               (no ring)

@: paralysed
A: sickness immunity, AC +4, negative energy resistance 1, electricity
resistance, torment resistance 1, petrification resistance
a: no special abilities


You were on level 3 of the Dungeon.
You visited 1 branch of the dungeon, and saw 3 of its levels.

You collected 83 gold pieces.
You spent 20 gold pieces at shops.

Inventory:

Hand Weapons
 a - a +0 war axe
 t - a +1 vampiric hand axe (weapon)
Missiles
 d - 3 throwing nets (quivered)
 e - a javelin
 r - 2 poisoned darts
Armour
 b - a +0 leather armour (worn)
 c - a +0 helmet
 n - a +0 hat (worn)
Jewellery
 g - a ring of see invisible (left hand)
Scrolls
 f - 2 scrolls of teleportation {unknown}
 h - 4 scrolls of identify
 j - a scroll of noise {unknown}
 m - a scroll of magic mapping {unknown}
 p - a scroll of fear {unknown}
 q - a scroll of vulnerability {unknown}
 s - 2 scrolls of brand weapon {unknown}
Potions
 i - 3 potions of heal wounds {unknown}
 k - 3 potions of curing {unknown}
 l - a potion of brilliance {unknown}
 o - 2 potions of lignification {unknown}


   Skills:
 + Level 3.2 Fighting
 + Level 3.3 Axes
 + Level 2.5 Throwing
 + Level 2.1 Armour
 - Level 2.4 Dodging
 + Level 2.1 Shields
 + Level 1.7 Evocations


You had 4 spell levels left.
You didn't know any spells.
Your spell library was empty.

Dungeon Overview and Level Annotations

Branches:
Dungeon (3/15)

Altars:

Shops:
D:3 ?

Annotations:
D:3 Grinder


Innate Abilities, Weirdness & Mutations

You are immune to sickness and miasma.
Your stone body is resilient. (AC +4)
You are immune to poison.
You resist negative energy. (rN+)
You are resistant to electric shocks. (rElec)
You are resistant to unholy torment.
You are immune to petrification.


Message History

Pain shoots through your body!
You barely miss Grinder.
Grinder is lightly wounded.
Grinder blinks!
You hear the slow rusting of a very distant drain.
Grinder gestures at you. Pain shoots through your body! Grinder hits you.
You hit Grinder.
Grinder is lightly wounded.
Grinder blinks!
You hit Grinder.
Grinder is lightly wounded.
Grinder closely misses you.
Grinder says, "Mostly I couldn't keep them alive."
Grinder closely misses you.
You hit Grinder but do no damage.
Grinder is lightly wounded.
Grinder hits you!
* * * LOW HITPOINT WARNING * * *
You writhe in agony.
* * * LOW HITPOINT WARNING * * *
You barely miss Grinder.
Grinder is lightly wounded.
Grinder closely misses you.
You hit Grinder.
Grinder is moderately wounded.
Grinder hits you.
* * * LOW HITPOINT WARNING * * *
You barely miss Grinder.
Grinder is moderately wounded.
Grinder hits you but does no damage.
You barely miss Grinder.
Grinder is moderately wounded.
Grinder closely misses you.
You hit Grinder.
Grinder is heavily wounded.
Grinder gestures at you.
You suddenly lose the ability to move!
Grinder hits you!
You die...

..........# #.#
####...######.#
#..........#
#..######..####
#..# #.....#
#..# #.###.#
#..# #.# #.#
... #.# #5#
.... #.# #@#
#.# #.# #. #.#
.. ..# ####


You could see Grinder.

Vanquished Creatures
  An ogre (D:2)
  An orc wizard (D:3)
  2 adders
  2 dart slugs
  2 worms
  4 orcs (D:3)
  5 ball pythons
  4 endoplasms
  A giant cockroach (D:2)
  2 goblins
  3 hobgoblins
  4 jackals (D:1)
  2 quokkas (D:2)
  2 bats
  4 frilled lizards
  5 kobolds
  11 rats
55 creatures vanquished.

Notes
Turn   | Place    | Note
-------+----------+-------------------------------------------
     0 | D:1      | GorkyZ the Gargoyle Gladiator began the quest for the Orb.
     0 | D:1      | Reached XP level 1. HP: 12/12 MP: 1/1
   173 | D:1      | Reached XP level 2. HP: 13/18 MP: 2/2
   754 | D:1      | Reached skill level 1 in Armour
  1214 | D:2      | Identified the +5 sling of the Abyss {speed, rPois rF+
                  | rCorr}
  1300 | D:2      | Reached XP level 3. HP: 22/22 MP: 3/3
  1326 | D:2      | Reached skill level 1 in Shields
  1399 | D:2      | Noticed an ogre
  1406 | D:2      | Killed an ogre
  1407 | D:2      | Reached skill level 1 in Evocations
  1407 | D:2      | Reached XP level 4. HP: 28/28 MP: 4/4
  1407 | D:2      | Reached XP level 5. HP: 32/32 MP: 5/5
  2276 | D:3      | Found Istina's Magic Scroll Boutique.
  2282 | D:3      | Bought a scroll of identify for 20 gold pieces
  2369 | D:3      | Noticed Grinder
  2369 | D:3      | Paralysed by Grinder for 3 turns
  2378 | D:3      | Paralysed by Grinder for 2 turns
  2394 | D:3      | Paralysed by Grinder for 4 turns
  2394 | D:3      | Slain by Grinder

Illustrated notes

Levels and vault maps discovered:
D:1:      spicycebolla_green_bress_n_ham_2, layout_basic
D:2:      layout_basic, minmay_hexomino_f4
D:3:      layout_loops_ring, serial_shops, shop, nicolae_shop_trees,
          nicolae_shop_stone, shop, nicolae_diamond_shop,
          gup_sewer_entry_spiral, uniq_grinder, uniq_jessica

Skill      XL: |  1  2  3  4  5 |
---------------+----------------+-----
Throwing       | 2 |  2.5
Armour         | 1 2 |  2.1
Shields        | 1 2 |  2.1
Fighting       | 3 |  3.2
Axes           | 3 |  3.3
Evocations     | 1 |  1.7
Dodging        | |  2.4

Action                   |  1- 3 |  4- 6 || total
-------------------------+-------+-------++-------
Melee: War axe           |    71 |    60 ||   131
       Punch             |     2 |       ||     2
       Hand axe          |       |    49 ||    49
Armor: Leather armour    |    23 |    36 ||    59
Dodge: Dodged            |    57 |    63 ||   120
